[ AOE2 MATCH · #481844704 ]
UnrankedVietnamese vs Goths
[ REPLAY ANALYSIS · EXTRACTED FROM THE RECORDED GAME ]
Feudal
11:38
Castle
—
Imperial
—
| APM avg | 10.0 |
| APM peak | 24 |
| eAPM avg | 8.9 |
| Villagers / military | 46 / 8 |
Focus
⚔️ 8.4% · 🌾 91.6%
Skirmisher ×5 · Fishing Ship ×4 · Militia ×3
Feudal
11:49
Castle
—
Imperial
—
| APM avg | 18.8 |
| APM peak | 35 |
| eAPM avg | 9.5 |
| Villagers / military | 39 / 13 |
Focus
⚔️ 11.7% · 🌾 88.3%
Militia ×12 · Transport Ship ×1
Feudal
—
Castle
—
Imperial
—
| APM avg | 0.3 |
| APM peak | 6 |
| eAPM avg | 0.3 |
| Villagers / military | 0 / 0 |
Feudal
12:29
Castle
—
Imperial
—
| APM avg | 33.6 |
| APM peak | 56 |
| eAPM avg | 15.7 |
| Villagers / military | 53 / 1 |
Focus
⚔️ 23.1% · 🌾 76.9%
Unknown (2550) ×9 · Transport Ship ×1
Match map
Initial resources + every placement click. Lines = walls · curves = elevation contours. ◆ gold · ⬟ stone · ● berries · ✦ relic · ◌ wall gap
Your base· Open — unwalled flank
Prabroro's base· Open — unwalled flank
dainis's base· Open — unwalled flank
PhoenixBLKreborn's base· Open — unwalled flank
Smoothed initial terrain · ◌ = detected wall gap · hover for details
Inputs per minute
— cXb_Foxtrot - - Prabroro
Build order — cXb_Foxtrot
97 actions detected in the replay
| 0:07 | Create | Villager (Male) |
| 0:08 | Research | Loom |
| 0:08 | Create | Villager (Male) |
| 0:08 | Create | Villager (Male) |
| 0:09 | Create | Villager (Male) |
| 0:09 | Create | Villager (Male) |
| 0:22 | Build | House |
| 0:56 | Build | House |
| 0:58 | Build | House |
| 1:48 | Create | Villager (Male) |
| 1:49 | Create | Villager (Male) |
| 2:29 | Create | Villager (Male) |
| 2:30 | Create | Villager (Male) |
| 2:44 | Build | House |
| 2:59 | Create | Villager (Male) |
| 2:59 | Create | Villager (Male) |
| 3:25 | Create | Villager (Male) |
| 3:50 | Create | Villager (Male) |
| 3:50 | Create | Villager (Male) |
| 4:16 | Create | Villager (Male) |
| 4:16 | Create | Villager (Male) |
| 4:25 | Build | Mill |
| 4:41 | Create | Villager (Male) |
| 4:41 | Create | Villager (Male) |
| 5:19 | Create | Villager (Male) |
| 5:19 | Create | Villager (Male) |
| 5:20 | Create | Villager (Male) |
| 5:48 | Create | Villager (Male) |
| 5:48 | Create | Villager (Male) |
| 5:49 | Create | Villager (Male) |
| 6:17 | Create | Villager (Male) |
| 6:18 | Create | Villager (Male) |
| 6:44 | Create | Villager (Male) |
| 6:44 | Create | Villager (Male) |
| 6:44 | Create | Villager (Male) |
| 7:09 | Build | Lumber Camp |
| 7:28 | Create | Villager (Male) |
| 9:14 | Build | Dock |
| 9:28 | Research | Feudal Age |
| 10:17 | Create | Fishing Ship |
| 10:18 | Create | Fishing Ship |
| 10:33 | Build | Dock |
| 11:21 | Create | Villager (Male) |
| 11:21 | Create | Villager (Male) |
| 11:38 | Age | Feudal Age |
| 11:41 | Build | Farm |
| 11:41 | Build | Farm |
| 11:41 | Build | Farm |
| 11:42 | Build | Farm |
| 11:42 | Build | Farm |
| 11:43 | Build | Farm |
| 12:12 | Build | House |
| 12:14 | Build | House |
| 12:15 | Build | House |
| 12:45 | Create | Villager (Male) |
| 12:45 | Create | Villager (Male) |
| 12:52 | Research | Double-Bit Axe |
| 12:56 | Research | Horse Collar |
| 13:06 | Research | Wheelbarrow |
| 13:09 | Create | Villager (Male) |
| 13:09 | Create | Villager (Male) |
| 13:21 | Create | Fishing Ship |
| 13:21 | Create | Fishing Ship |
| 14:06 | Create | Villager (Male) |
| 14:06 | Create | Villager (Male) |
| 14:19 | Build | Mining Camp |
| 14:30 | Build | House |
| 14:32 | Build | House |
| 15:10 | Build | Farm |
| 15:21 | Create | Villager (Male) |
| 15:22 | Create | Villager (Male) |
| 15:35 | Build | Barracks |
| 16:03 | Build | Mining Camp |
| 16:09 | Create | Villager (Male) |
| 16:09 | Create | Villager (Male) |
| 16:43 | Build | Blacksmith |
| 16:54 | Create | Villager (Male) |
| 16:54 | Create | Villager (Male) |
| 17:22 | Build | Market |
| 17:34 | Create | Villager (Male) |
| 17:34 | Create | Villager (Male) |
| 18:09 | Build | Lumber Camp |
| 19:13 | Create | Militia |
| 19:13 | Create | Militia |
| 19:13 | Create | Militia |
| 19:25 | Build | Archery Range |
| 19:32 | Research | Castle Age |
| 20:41 | Create | Skirmisher ×5 |
| 20:59 | Build | Farm |
| 20:59 | Build | Farm |
| 21:00 | Build | Farm |
| 21:00 | Build | Farm |
| 21:00 | Build | Farm |
| 21:00 | Build | Farm |
| 21:01 | Build | Farm |
| 21:01 | Build | Farm |
| 21:01 | Build | Farm |
Build order — Prabroro
89 actions detected in the replay
| 0:23 | Build | House |
| 0:27 | Build | House |
| 0:31 | Create | Villager (Male) |
| 0:31 | Create | Villager (Male) |
| 0:32 | Create | Villager (Male) |
| 0:32 | Create | Villager (Male) |
| 2:01 | Create | Villager (Male) |
| 2:21 | Build | Lumber Camp |
| 2:44 | Create | Villager (Male) |
| 3:16 | Create | Villager (Male) |
| 3:41 | Create | Villager (Male) |
| 3:48 | Build | House |
| 4:18 | Research | Loom |
| 4:19 | Create | Villager (Male) |
| 4:19 | Create | Villager (Male) |
| 4:19 | Create | Villager (Male) |
| 4:53 | Build | Mill |
| 4:56 | Create | Villager (Male) |
| 5:37 | Create | Villager (Male) |
| 6:40 | Create | Villager (Male) |
| 6:44 | Create | Villager (Male) |
| 7:46 | Create | Villager (Male) |
| 7:55 | Create | Villager (Male) |
| 8:19 | Build | House |
| 8:46 | Create | Villager (Male) |
| 8:53 | Create | Villager (Male) |
| 9:39 | Research | Feudal Age |
| 10:50 | Build | House |
| 10:52 | Build | House |
| 11:49 | Age | Feudal Age |
| 11:55 | Build | Barracks |
| 12:01 | Create | Villager (Male) |
| 12:01 | Create | Villager (Male) |
| 12:02 | Create | Villager (Male) |
| 12:58 | Build | Dock |
| 13:17 | Build | Farm |
| 13:20 | Build | Farm |
| 13:22 | Build | Farm |
| 13:27 | Build | Farm |
| 13:31 | Build | Farm |
| 13:39 | Build | Farm |
| 14:58 | Create | Militia |
| 14:58 | Create | Militia |
| 14:58 | Create | Militia |
| 14:58 | Create | Militia |
| 15:11 | Build | Mining Camp |
| 15:18 | Create | Villager (Male) |
| 15:19 | Create | Villager (Male) |
| 15:19 | Create | Villager (Male) |
| 15:29 | Build | Blacksmith |
| 15:47 | Build | Market |
| 15:49 | Create | Villager (Male) |
| 15:49 | Create | Villager (Male) |
| 16:11 | Create | Villager (Male) |
| 16:19 | Build | Farm |
| 16:27 | Build | Farm |
| 16:40 | Create | Transport Ship |
| 16:51 | Build | Farm |
| 16:54 | Create | Villager (Male) |
| 17:20 | Research | Man-at-Arms (upgrade) |
| 17:20 | Create | Militia |
| 17:28 | Build | House |
| 17:30 | Build | House |
| 17:31 | Build | House |
| 17:45 | Create | Villager (Male) |
| 17:57 | Create | Militia |
| 17:57 | Create | Militia |
| 17:57 | Create | Militia |
| 18:08 | Build | Farm |
| 18:09 | Create | Villager (Male) |
| 18:10 | Create | Villager (Male) |
| 18:15 | Create | Militia |
| 18:16 | Create | Militia |
| 18:27 | Create | Militia |
| 18:27 | Create | Militia |
| 18:43 | Build | Farm |
| 18:45 | Create | Villager (Male) |
| 18:51 | Build | Farm |
| 18:57 | Research | Double-Bit Axe |
| 19:01 | Research | Horse Collar |
| 19:08 | Create | Villager (Male) |
| 19:09 | Create | Villager (Male) |
| 19:19 | Build | Farm |
| 19:22 | Create | Villager (Male) |
| 19:37 | Create | Villager (Male) |
| 19:42 | Research | Gold Mining |
| 20:08 | Create | Villager (Male) |
| 20:15 | Build | House |
| 20:48 | Create | Villager (Male) |
Build order — dainis
0 actions detected in the replay
Build order — PhoenixBLKreborn
119 actions detected in the replay
| 0:08 | Create | Villager (Male) |
| 0:09 | Build | House |
| 0:11 | Build | House |
| 0:11 | Create | Villager (Male) |
| 0:20 | Create | Villager (Male) |
| 0:20 | Create | Villager (Male) |
| 0:20 | Create | Villager (Male) |
| 1:44 | Create | Villager (Male) |
| 1:58 | Build | Settlement |
| 2:05 | Create | Villager (Male) |
| 2:05 | Create | Villager (Male) |
| 2:20 | Create | Villager (Male) |
| 2:55 | Create | Villager (Male) |
| 3:15 | Create | Villager (Male) |
| 3:15 | Create | Villager (Male) |
| 3:46 | Create | Villager (Male) |
| 4:15 | Create | Villager (Male) |
| 4:39 | Build | Settlement |
| 4:48 | Create | Villager (Male) |
| 4:50 | Create | Villager (Male) |
| 4:50 | Create | Villager (Male) |
| 5:33 | Create | Villager (Male) |
| 5:54 | Create | Villager (Male) |
| 5:54 | Create | Villager (Male) |
| 5:57 | Create | Villager (Male) |
| 6:36 | Build | Barracks |
| 7:23 | Create | Villager (Male) |
| 7:23 | Create | Villager (Male) |
| 7:24 | Create | Villager (Male) |
| 7:28 | Create | Unit 2550 |
| 7:28 | Create | Unit 2550 |
| 7:28 | Create | Unit 2550 |
| 8:06 | Create | Villager (Male) |
| 8:28 | Build | Farm |
| 8:29 | Create | Villager (Male) |
| 8:35 | Build | Farm |
| 8:37 | Build | Farm |
| 8:39 | Create | Villager (Male) |
| 8:42 | Build | Farm |
| 8:58 | Create | Villager (Male) |
| 9:32 | Build | Farm |
| 9:34 | Create | Villager (Male) |
| 9:56 | Research | Loom |
| 9:59 | Build | Farm |
| 10:19 | Research | Feudal Age |
| 10:43 | Create | Villager (Male) |
| 11:30 | Build | Settlement |
| 11:42 | Create | Villager (Male) |
| 12:23 | Build | Dock |
| 12:29 | Age | Feudal Age |
| 12:32 | Create | Villager (Male) |
| 12:45 | Build | Farm |
| 12:45 | Build | Farm |
| 12:45 | Build | Farm |
| 12:45 | Build | Farm |
| 12:46 | Build | Farm |
| 12:46 | Build | Farm |
| 12:46 | Build | Farm |
| 12:54 | Build | Farm |
| 13:20 | Create | Transport Ship |
| 13:23 | Create | Villager (Male) |
| 13:36 | Build | Farm |
| 13:36 | Build | Farm |
| 13:37 | Build | Farm |
| 13:37 | Build | Farm |
| 13:37 | Build | Farm |
| 13:37 | Build | Farm |
| 13:38 | Build | Farm |
| 13:48 | Create | Villager (Male) |
| 14:35 | Build | Barracks |
| 14:41 | Create | Villager (Male) |
| 14:42 | Create | Villager (Male) |
| 14:44 | Build | Farm |
| 14:44 | Build | Farm |
| 14:44 | Build | Farm |
| 14:44 | Build | Farm |
| 14:45 | Build | Farm |
| 14:45 | Create | Villager (Male) |
| 15:23 | Build | House |
| 15:32 | Research | Arson |
| 15:39 | Create | Villager (Male) |
| 15:43 | Build | Farm |
| 15:43 | Build | Farm |
| 15:44 | Build | Farm |
| 15:44 | Build | Farm |
| 15:44 | Build | Farm |
| 15:45 | Build | Farm |
| 16:03 | Build | Blacksmith |
| 16:09 | Create | Villager (Male) |
| 16:48 | Create | Villager (Male) |
| 16:52 | Create | Villager (Male) |
| 17:15 | Create | Villager (Male) |
| 17:24 | Build | Watch Tower |
| 17:28 | Create | Villager (Male) |
| 17:38 | Build | Market |
| 17:42 | Create | Villager (Male) |
| 17:53 | Create | Villager (Male) |
| 18:01 | Create | Villager (Male) |
| 18:25 | Research | Castle Age |
| 18:44 | Create | Villager (Male) |
| 18:53 | Create | Villager (Male) |
| 18:53 | Create | Villager (Male) |
| 19:11 | Build | Barracks |
| 19:12 | Create | Villager (Male) |
| 19:21 | Research | Castle Age |
| 19:24 | Research | Castle Age |
| 19:29 | Research | Forging |
| 19:52 | Create | Villager (Male) |
| 19:55 | Research | Scale Mail Armor |
| 20:00 | Research | Tech 1402 |
| 20:08 | Create | Unit 2550 |
| 20:08 | Create | Unit 2550 |
| 20:36 | Build | Barracks |
| 20:37 | Create | Unit 2550 |
| 20:38 | Create | Villager (Male) |
| 20:42 | Create | Unit 2550 |
| 20:42 | Create | Unit 2550 |
| 20:42 | Create | Unit 2550 |
| 21:03 | Create | Villager (Male) |
Match timeline
| 1:25 | dainis · resign |
| 6:36 | PhoenixBLKreborn · first_building Barracks |
| 9:14 | cXb_Foxtrot · first_building Dock |
| 11:38 | cXb_Foxtrot · age_up feudal |
| 11:49 | Prabroro · age_up feudal |
| 11:55 | Prabroro · first_building Barracks |
| 12:23 | PhoenixBLKreborn · first_building Dock |
| 12:29 | PhoenixBLKreborn · age_up feudal |
| 12:58 | Prabroro · first_building Dock |
| 15:35 | cXb_Foxtrot · first_building Barracks |
| 19:25 | cXb_Foxtrot · first_building Archery Range |
[ AI ANALYSIS · 1 CREDIT ]
What really happened in this match?
Wolo.gg analyzes every decision: build order, eco, micro, common mistakes by bracket. Personalized analysis on WhatsApp or Discord in 30 seconds.
Civ guide
Vietnamese
Perfil
Jugador #21941396